 Dungeon Crawl Stone Soup version 0.29.0-4-gdea44cf6ec (webtiles) character file.

Game seed: 9257169674864950016

107 qw the Ruffian (level 4, -2/44 HPs)
             Began as a Troll Cinder Acolyte on Sept 1, 2022.
             Was a High Priest of Ignis.
             Killed by divine providence
             ... invoked by an orc priest
              (14 damage)
             ... on level 3 of the Dungeon.
             The game lasted 00:01:14 (1880 turns).

qw the Ruffian (Troll Cinder Acolyte)               Turns: 1880, Time: 00:01:14

Health: -2/44      AC: 11    Str: 22 (24) XL:     4   Next: 56%
Magic:  4/4        EV:  9    Int:  9 (10) God:    Ignis [*****.]
Gold:   1040       SH:  0    Dex:  5      Spells: 5/5 levels left

rFire   + . .      SeeInvis .     - Unarmed
rCold   . . .      Faith    .   (no shield)
rNeg    . . .      Spirit   .   a - +0 robe
rPois   .          Reflect  .   (helmet restricted)
rElec   .          Harm     .   (no cloak)
rCorr   .          Rampage  .   (gloves unavailable)
Will    .....                   (boots unavailable)
Stlth   +.........              (no amulet)
HPRegen 0.94/turn               (no ring)
MPRegen 0.09/turn               (no ring)

@: fiery-armoured
A: large, unfitting armour, claws 3, regeneration 1, shaggy fur 1, tough skin 1
a: Renounce Religion, Fiery Armour, Foxfire Swarm, Rising Flame


You were on level 3 of the Dungeon.
You worshipped Ignis.
Ignis was extremely pleased with you.
You visited 1 branch of the dungeon, and saw 3 of its levels.

You collected 1082 gold pieces.
You spent 42 gold pieces at shops.


Innate Abilities, Weirdness & Mutations

You are too large for most types of armour.
You have claws for hands.
Your natural rate of healing is unusually fast.
You are covered in fur. (AC +1)
You have tough skin. (AC +1)


   Skills:
 - Level 2.4 Fighting
 + Level 5.4 Unarmed Combat
 - Level 1.0 Spellcasting
 - Level 2.1 Fire Magic


You had 5 spell levels left.
You didn't know any spells.
Your spell library contained the following spells:

 Spells                   Type           Power      Damage    Failure   Level
 Scorch                   Fire           8%         2d5       22%         2

Inventory:

Armour
 a - a +0 robe (worn)
Jewellery
 e - a ring of wizardry
Scrolls
 c - a scroll of identify
Potions
 b - a potion of haste
 d - 5 potions of curing
 f - a potion of heal wounds {unknown}
 g - a potion of cancellation {unknown}

Dungeon Overview and Level Annotations

Branches:
Dungeon (3/15)

Altars:

Shops:
D:2 *


Message History

The orc attacks as you move away! The orc barely misses you.
The kobold throws a stone.
The stone hits you but does no damage.
1873 ||| Stepping ~*~*~tactically~*~*~ (outnumbered).
The orc attacks as you move away!
The orc hits you with a +0 mace of holy wrath.
The orc is burned by your cloak of flames.
The orc is lightly wounded.
The orc attacks as you move away! The orc hits you but does no damage.
The orc is burned by your cloak of flames.
The orc is severely wounded.
The kobold throws a stone.
The stone completely misses you.
1874 ||| Stepping ~*~*~tactically~*~*~ (outnumbered).
The orc attacks as you move away! The orc hits you but does no damage.
The orc is burned by your cloak of flames.
You kill the orc!
You closely miss the orc.
The orc is lightly wounded.
The kobold closely misses you. The orc hits you but does no damage.
The orc is burned by your cloak of flames.
You kill the orc!
You claw the orc!
You kill the orc!
The kobold hits you but does no damage.
The kobold is burned by your cloak of flames.
You kill the kobold!
You claw the orc!
You kill the orc!
The orc priest calls down the wrath of Beogh upon you.
Beogh smites you!
The orc priest invokes the aid of Beogh against you.
Beogh smites you!
Items here: $ ( )).
The orc priest hits you but does no damage.
The orc priest is burned by your cloak of flames.
The orc priest is lightly wounded.
You barely miss the orc priest.
The orc priest is lightly wounded.
The orc priest invokes the aid of Beogh against you.
Beogh smites you!
You die...

...# #.## ##.## #
##...# # #.
#######..... ..#.######
........#.## ##.......#
.######.#.## ......)).#
..####..#.## ##.....@)#
#.......#...
#.....o.#+######...####
#...........# ##>.# .
#...........# #..###.
#)..........#####......
#........)........#####
########..........#
#.........##
#.........#


You could see an orc priest.

Vanquished Creatures
  5 adders
  A dart slug (D:2)
  5 orcs (D:3)
  4 endoplasms
  2 giant cockroaches
  6 goblins
  4 hobgoblins
  6 kobolds
  3 quokkas
  7 ball pythons
  5 bats
  A frilled lizard (D:1)
  4 rats
53 creatures vanquished.

Notes
Turn   | Place    | Note
-------+----------+-------------------------------------------
     0 | D:1      | qw the Troll Cinder Acolyte began the quest for the Orb.
     0 | D:1      | Reached XP level 1. HP: 22/22 MP: 1/1
     0 | D:1      | 0 ||| qw: Version: 0.1-a-97-g2dd2ca4
     0 | D:1      | 0 ||| qw: Game counter: 4732
     0 | D:1      | 0 ||| qw: Always use a shield: true
     0 | D:1      | 0 ||| qw: God list: Okawaru
     0 | D:1      | 0 ||| qw: Allow faded altars: false
     0 | D:1      | 0 ||| qw: Do Orc after D:15 true
     0 | D:1      | 0 ||| qw: Do second Lair branch before Depths: true
     0 | D:1      | 0 ||| qw: Lair rune preference: random
     0 | D:1      | 0 ||| qw: Plans: Normal
     0 | D:1      | 0 ||| PLANNING D:1-11
   257 | D:1      | Found a faded altar of an unknown god.
   299 | D:1      | Reached XP level 2. HP: 29/29 MP: 2/2
   309 | D:1      | 309 ||| Stepping ~*~*~tactically~*~*~ (stealth).
   310 | D:1      | 310 ||| Stepping ~*~*~tactically~*~*~ (stealth).
   327 | D:1      | 327 ||| Stepping ~*~*~tactically~*~*~ (stealth).
   331 | D:1      | 331 ||| Stepping ~*~*~tactically~*~*~ (stealth).
   332 | D:1      | 332 ||| Stepping ~*~*~tactically~*~*~ (stealth).
   344 | D:1      | 344 ||| Stepping ~*~*~tactically~*~*~ (stealth).
   346 | D:1      | 346 ||| Stepping ~*~*~tactically~*~*~ (stealth).
   347 | D:1      | 347 ||| Stepping ~*~*~tactically~*~*~ (stealth).
   489 | D:1      | Reached skill level 4 in Unarmed Combat
   804 | D:1      | 804 ||| DROPPING scarf of invisibility.
   805 | D:1      | 805 ||| READING scroll labelled BAOMITO PADU.
   806 | D:1      | 806 ||| DRINKING 2 bubbling inky potions.
   807 | D:1      | 807 ||| DRINKING 2 yellow potions.
   808 | D:1      | 808 ||| DROPPING potion of brilliance.
   816 | D:2      | Found Milod's General Store.
   824 | D:2      | 824 ||| BUYING potion of curing (42 gold).
   824 | D:2      | Bought a potion of curing for 42 gold pieces
   824 | D:2      | 824 ||| SHOPLISTING potion of curing (42 gold, have 27).
   824 | D:2      | 824 ||| SHOPLISTING potion of heal wounds (70 gold, have
                  | 27).
   834 | D:2      | 834 ||| Stepping ~*~*~tactically~*~*~ (hiding).
   843 | D:2      | Reached XP level 3. HP: 36/36 MP: 3/3
  1578 | D:2      | 1578 ||| DROPPING ring of magical power.
  1579 | D:2      | 1579 ||| READING scroll labelled INUHAGHESA.
  1580 | D:2      | 1580 ||| READING scroll labelled AZXUWE TUAMODGH.
  1581 | D:2      | 1581 ||| READING scroll labelled ITHUTE NOALLA.
  1581 | D:2      | Identified a scroll of acquirement
  1581 | D:2      | 1581 ||| ACQUIRING 891 gold pieces
  1581 | D:2      | Acquired 891 gold pieces
  1583 | D:2      | 1583 ||| DRINKING 2 viscous emerald potions.
  1584 | D:2      | 1584 ||| DRINKING 3 inky potions.
  1585 | D:2      | 1585 ||| DROPPING 2 potions of degeneration.
  1652 | D:3      | Reached skill level 5 in Unarmed Combat
  1652 | D:3      | Reached XP level 4. HP: 44/44 MP: 4/4
  1861 | D:3      | 1861 ||| Stepping ~*~*~tactically~*~*~ (outnumbered).
  1862 | D:3      | 1862 ||| Stepping ~*~*~tactically~*~*~ (outnumbered).
  1863 | D:3      | 1863 ||| Stepping ~*~*~tactically~*~*~ (outnumbered).
  1864 | D:3      | 1864 ||| Stepping ~*~*~tactically~*~*~ (outnumbered).
  1865 | D:3      | 1865 ||| Stepping ~*~*~tactically~*~*~ (outnumbered).
  1866 | D:3      | 1866 ||| Stepping ~*~*~tactically~*~*~ (outnumbered).
  1867 | D:3      | 1867 ||| INVOKING Fiery Armour.
  1869 | D:3      | 1869 ||| Stepping ~*~*~tactically~*~*~ (outnumbered).
  1870 | D:3      | 1870 ||| Stepping ~*~*~tactically~*~*~ (outnumbered).
  1871 | D:3      | 1871 ||| Stepping ~*~*~tactically~*~*~ (outnumbered).
  1872 | D:3      | 1872 ||| Stepping ~*~*~tactically~*~*~ (outnumbered).
  1873 | D:3      | 1873 ||| Stepping ~*~*~tactically~*~*~ (outnumbered).
  1874 | D:3      | 1874 ||| Stepping ~*~*~tactically~*~*~ (outnumbered).
  1878 | D:3      | HP: 10/44 [orc priest/divine providence (12)]
  1880 | D:3      | Killed from afar by an orc priest

Levels and vault maps discovered:
D:1:      dpeg_arrival_round_c, layout_basic,
          ebering_ecumenical_altar_abandoned, minmay_misc_feat_rows,
          chequers_jeans, minmay_hexomino_f4
D:2:      layout_basic, serial_shops, nicolae_shop_advertising_works
          [nicolae_subvault_shop_adworks]
D:3:      minmay_angry_zag, layout_basic, serial_shops,
          nicolae_shop_window_shopping, serial_bayou_pond_c

Skill      XL: |  1  2  3 |
---------------+----------+-----
Unarmed Combat | 4 5 |  5.4
Fighting       | |  2.4
Spellcasting   | |  1.0
Fire Magic     | |  2.1

Action                   |  1- 3 |  4- 6 || total
-------------------------+-------+-------++-------
Melee: Unarmed           |   104 |    29 ||   133
       Punch             |     1 |       ||     1
Invok: Fiery Armour      |       |     1 ||     1
  Use: Potion            |     4 |       ||     4
       Scroll            |     4 |       ||     4
Armor: Robe              |    34 |    18 ||    52
Dodge: Dodged            |    35 |    14 ||    49

Table legend:
 A = Non-vault XP
 B = Vault XP
 C = Vault XP percentage of total XP
 D = Non-vault monster count
 E = Vault monster count
 F = Vault count percentage of total count
                 A         B        C        D         E       F
            +---------+---------+-------+---------+---------+-------
      Total |     138 |      15 |   9.8 |      44 |       9 |  17.0
            +---------+---------+-------+---------+---------+-------
        D:1 |      30 |       5 |  14.3 |      18 |       3 |  14.3
        D:2 |      58 |       0 |   0.0 |      13 |       0 |   0.0
        D:3 |      50 |      10 |  16.7 |      13 |       6 |  31.6
            +---------+---------+-------+---------+---------+-------
